 Dungeon Crawl Stone Soup version 0.29.1-15-g9cfb28693d (webtiles) character file.

Game seed: 14730088491084663527

69 Peloso the Trooper (level 4, -4/40 HPs)
             Began as a Minotaur Fighter on Apr 2, 2023.
             Killed by divine providence
             ... invoked by an orc priest
              (14 damage)
             ... on level 3 of the Dungeon.
             The game lasted 00:03:27 (1541 turns).

Peloso the Trooper (Minotaur Fighter)               Turns: 1541, Time: 00:03:27

Health: -4/40      AC: 10    Str: 21    XL:     4   Next: 2%
Magic:  3/3        EV:  9    Int:  5    God:
Gold:   81         SH:  4    Dex: 11    Spells: 3/3 levels left

rFire   . . .      SeeInvis .   a - +1 long sword
rCold   . . .      Faith    .   d - +0 buckler
rNeg    . . .      Spirit   .   b - +0 scale mail
rPois   .          Reflect  .   (helmet restricted)
rElec   .          Harm     .   (no cloak)
rCorr   .          Rampage  .   c - +2 pair of gloves
Will    .....                   (no boots)
Stlth   ..........              (no amulet)
HPRegen 0.13/turn               (no ring)
MPRegen 0.08/turn               (no ring)

@: no status effects
A: horns 2, retaliatory headbutt
a: no special abilities


You were on level 3 of the Dungeon.
You visited 1 branch of the dungeon, and saw 3 of its levels.

You collected 81 gold pieces.

Inventory:

Hand Weapons
 a - a +1 long sword (weapon)
Armour
 b - a +0 scale mail (worn)
 c - a +2 pair of gloves (worn)
 d - a +0 buckler (worn)
Jewellery
 g - a ring of wizardry
Potions
 f - a potion of might


   Skills:
 + Level 4.2 Fighting
 + Level 3.7 Long Blades
 + Level 4.1 Armour
 + Level 0.2 Dodging
 + Level 4.2 Shields


You had 3 spell levels left.
You didn't know any spells.
Your spell library was empty.

Dungeon Overview and Level Annotations

Branches:
Dungeon (3/15)

Altars:


Innate Abilities, Weirdness & Mutations

You have a pair of horns on your head.
You reflexively headbutt those who attack you in melee.


Message History

You kill the kobold!
Things that are here:
a +0 short sword; 6 poisoned darts; a kobold corpse HP restored.
An orc comes into view. It is wielding a +0 spear.
An orc is nearby!
An orc is nearby!
An orc is nearby!
An orc wizard and an orc come into view.
The orc shouts!
The orc wizard shouts!
The orc shouts!
An orc priest comes into view. It is wielding a +0 hand axe.
The orc moves out of view.
An orc comes into view. It is wielding a +0 mace.
Found a twisted opal ring.
The orc priest drinks a potion.
The orc priest suddenly seems more resistant.
An endoplasm comes into view.
The endoplasm quivers.
The orc hits you but does no damage.
The orc priest invokes the aid of Beogh against you.
Beogh smites you! The orc wizard casts a spell at you.
You are confused.
There is a stone staircase leading up here.
The orc hits you from afar with a +0 spear.
In your confused state, you trip and fall back down the stairs.
The orc hits you from afar with a +0 spear.
The orc wizard hits you with a +0 dagger.
The orc closely misses you.
In your confused state, you trip and fall back down the stairs.
You feel less confused. The orc wizard closely misses you.
The orc barely misses you. The endoplasm freezes you.
You are frozen.
* * * LOW HITPOINT WARNING * * *
The orc hits you from afar with a +0 spear.
* * * LOW HITPOINT WARNING * * *
The orc hits you but does no damage.
The orc priest mumbles some strange prayers to Beogh against you.
Beogh smites you!
You die...

#########.##.##
..................
...................
..^................
...................
...................
...................
...................
!........o@........
.(......)ooJ.......
........o.o........
......?....).......
...................
........r.†........
...................
...................
...................


You could see an orc priest (resistant), an orc wizard, 3 orcs, an endoplasm and
a rat.

Vanquished Creatures
  2 adders (D:2)
  A worm (D:2)
  A dart slug (D:2)
  5 endoplasms (D:1)
  3 giant cockroaches
  5 goblins
  2 hobgoblins
  6 kobolds
  2 quokkas (D:1)
  4 ball pythons
  8 bats
  5 rats
44 creatures vanquished.

Notes
Turn   | Place    | Note
-------+----------+-------------------------------------------
     0 | D:1      | Peloso the Minotaur Fighter began the quest for the Orb.
     0 | D:1      | Reached XP level 1. HP: 19/19 MP: 0/0
   173 | D:1      | Reached XP level 2. HP: 27/27 MP: 1/1
   963 | D:2      | Found a faded altar of an unknown god.
   965 | D:2      | Reached XP level 3. HP: 33/33 MP: 2/2
  1492 | D:3      | Reached XP level 4. HP: 39/40 MP: 3/3
  1541 | D:3      | Killed from afar by an orc priest

Illustrated notes

Levels and vault maps discovered:
D:1:      eino_arrival_water_star, layout_basic, serial_curves, eino_curves_01,
          eino_curves_03, chequers_serial_rivers_micro_c
D:2:      layout_rooms, ebering_ecumenical_altar_mist,
          nicolae_concentric_dashed_squares_mild, minmay_pentomino_r4
D:3:      layout_basic

Skill      XL: |  1  2 |
---------------+-------+-----
Fighting       | 4 |  4.2
Shields        | 4 |  4.2
Armour         | 4 |  4.1
Long Blades    | 3 |  3.7
Dodging        | |  0.2

Action                   |  1- 3 |  4- 6 || total
-------------------------+-------+-------++-------
Melee: Long sword        |    80 |     2 ||    82
       Headbutt          |    12 |       ||    12
  Use: Scroll            |     5 |       ||     5
       Potion            |     1 |       ||     1
Armor: Scale mail        |    58 |     2 ||    60
Dodge: Dodged            |    40 |     4 ||    44
Block: Buckler           |    36 |       ||    36
